 Dungeon Crawl Stone Soup version 0.31-a0-154-g56bf346678 (webtiles) character file.

Game seed: 5861752286562346896

0 Moral the Cudgeller (level 1, 1/1 HPs)
             Began as a Meteoran Wanderer on June 12, 2023.
             Got out of the dungeon alive.
             The game lasted 00:02:48 (1307 turns).

Moral the Cudgeller (Meteoran Wanderer)             Turns: 1307, Time: 00:02:48

Health: 1/1        AC:  6    Str: 18    XL:     1   Next: 14%
Magic:  5/5        EV:  9    Int: 10    God:
Gold:   39         SH:  0    Dex: 11    Spells: 4/5 levels left

rFire   . . .        a - +2 mace
rCold   . . .        (no shield)
rNeg    . . .        b - +0 scale mail
rPois   .            (no helmet)
rElec   .            (no cloak)
rCorr   .            (no gloves)
SInv    .            (no boots)
Will    .....        (no amulet) Stlth
                     (no ring)
HPRegen 0.20/turn    (no ring)
MPRegen 0.09/turn

%: no passive effects
@: glowing, bezotted
A: sense surroundings 1, otherworldly, glowing, explore regen
a: no special abilities


You escaped.
You visited 1 branch of the dungeon, and saw 1 of its levels.

You collected 39 gold pieces.

Inventory:

Hand Weapons
 a - a +2 mace (weapon)
Armour
 b - a +0 scale mail (worn)
Scrolls
 d - 2 scrolls of identify {unknown}
Potions
 c - a potion of berserk rage


   Skills:
 + Level 5.3 Maces & Flails
 + Level 3.6 Armour
 + Level 2.6 Spellcasting
 + Level 1.2 Invocations


You had 4 spell levels left.
You knew the following spells:

 Your Spells              Type           Power      Damage    Failure   Level
a - Beastly Appendage     Tmut           2%         N/A       65%         1

Your spell library contained the following spells:

 Spells                   Type           Power      Damage    Failure   Level
 Ignite Poison            Fire/Tmut/Pois 1%         N/A       95%         3
 Ozocubu's Armour         Ice            1%         N/A       95%         3
 Ozocubu's Refrigeration  Ice            0%         4d7       100%        7


Dungeon Overview and Level Annotations

Branches:
Dungeon (1/15) Zot: 93

Altars:


Innate Abilities, Weirdness & Mutations

You passively map a small area around you.
You are easily found by Zot.
You glow in the dark.
You regain HP and MP as you explore.


Message History

You closely miss the ball python.
The ball python bites you but does no damage.
The ball python constricts you.
The ball python bites you but does no damage.
The ball python constricts you.
You sock the ball python!
You kill the ball python!
You start waiting.
Done waiting.
You have lingered too long.
Zot senses you.
Dive deeper or flee this branch before you suffer!
Zot draws nearer.
Dive deeper or flee this branch before you suffer!
Zot has nearly found you.
Suffering is imminent.
Descend or flee this branch!
Really rest while Zot is near? [Y]es or [N]o only, please.
Really rest while Zot is near? [Y]es or [N]o only, please.
Really rest while Zot is near?
Okay, then.
Zot's power touches on you...
Unknown command.
You have lingered too long.
Zot senses you.
Dive deeper or flee this branch before you suffer!
Zot draws nearer.
Dive deeper or flee this branch before you suffer!
Zot has nearly found you.
Suffering is imminent.
Descend or flee this branch!
Zot's power touches on you...
Buggy note passed: unknown note type Unknown command.
You have lingered too long.
Zot senses you.
Dive deeper or flee this branch before you suffer!
Zot draws nearer.
Dive deeper or flee this branch before you suffer!
Zot has nearly found you.
Suffering is imminent.
Descend or flee this branch!
Zot's power touches on you...
Buggy note passed: unknown note type You have lingered too long.
Zot senses you.
Dive deeper or flee this branch before you suffer!
Zot draws nearer.
Dive deeper or flee this branch before you suffer!
Zot has nearly found you.
Suffering is imminent.
Descend or flee this branch!
Zot's power touches on you...
Buggy note passed: unknown note type You have lingered too long.
Zot senses you.
Dive deeper or flee this branch before you suffer!
There is a staircase leading out of the dungeon here.
Are you sure you want to leave the Dungeon?
This will make you lose the game!
You have escaped!

......... *..#.#
#.......# #.#.# * *
#.......# #.#.# .#*
##.......## ##.#.# *
..###.........###..#.#
*, ,
...................#.#
,...................#.#
*
.....................#
.........@.........#.#
)..................#.#
...................#.#
#.#
................[..#.#
#.#
..###.........###..#.#
#.# , * ##.......##
##.#.# #.# * #.......#
#...# #.# *#.......##
##...# #.# * *
#.........###..#.###.#


There were no monsters in sight!

Vanquished Creatures
  A ball python (D:1)
1 creature vanquished.

Notes
Turn   | Place    | Note
-------+----------+-------------------------------------------
     0 | D:1      | Moral the Meteoran Wanderer began the quest for the Orb.
     0 | D:1      | Moral set off with the following items: a +2 mace, a +0
                  | scale mail, a potion of berserk rage; and the following
                  | spell memorised: Beastly Appendage; and the following
                  | spells available to memorise: Ignite Poison.
     0 | D:1      | Reached XP level 1. HP: 14/14 MP: 5/5
   499 | D:1      | Glimpsed the power of Zot.
   549 | D:1      | Glimpsed the power of Zot.
   589 | D:1      | Glimpsed the power of Zot.
   599 | D:1      | Touched by the power of Zot (MHP 14 -> 9)
   700 | D:1      | Glimpsed the power of Zot.
   750 | D:1      | Glimpsed the power of Zot.
   790 | D:1      | Glimpsed the power of Zot.
   799 | D:1      | Touched by the power of Zot (MHP 8 -> 4)
   900 | D:1      | Glimpsed the power of Zot.
   950 | D:1      | Glimpsed the power of Zot.
   990 | D:1      | Glimpsed the power of Zot.
   999 | D:1      | Touched by the power of Zot (MHP 4 -> 1)
  1100 | D:1      | Glimpsed the power of Zot.
  1150 | D:1      | Glimpsed the power of Zot.
  1190 | D:1      | Glimpsed the power of Zot.
  1199 | D:1      | Touched by the power of Zot (MHP 1 -> 1)
  1300 | D:1      | Glimpsed the power of Zot.
  1307 | D:$      | Got out of the dungeon alive.

Illustrated notes

Levels and vault maps discovered:
D:1:      minmay_arrival_four_circles, layout_basic, minmay_three_crescents

Action                     || total
---------------------------++-------
  Melee: Mace              ||     4
 Armour: Scale mail        ||     4

Table legend: (Time is in decaauts)
 A = Elapsed time spent in this place.
 B = Non-inter-level travel time spent in this place.
 C = Inter-level travel time spent in this place.
 D = Time resting spent in this place.
 E = Time spent auto-exploring this place.
 F = Levels seen in this place.
 G = Mean time per level.
                   A        B        C        D        E       F      G
               +--------+--------+--------+--------+--------+-----+--------+
         Total |   1307 |   1307 |      0 |    200 |     41 |   1 | 1307.0 |
       Dungeon |   1307 |   1307 |      0 |    200 |     41 |   1 | 1307.0 |
               +--------+--------+--------+--------+--------+-----+--------+

Top non-repeatable levels by time:
     D:1: 1307 daAuts
